Bruins vs Stars

Created - January-04-15 at 12:18

Goals
1 2 3 T
Bruins 0 2 0 2
Stars 1 2 1 4
Shots
1 2 3 T
Bruins 4 9 6 19
Stars 20 9 9 38

1st period

1. Stars , Shea Weber 15 (Jarome Iginla, Jason Spezza) at 0:12

Penalties :
Carl Hagelin (BOS) for Holding (Minor) at 3:19, Dougie Hamilton (BOS) for Hooking (Minor) at 7:42, Zach Parise (BOS) for Holding (Minor) at 12:15, Jarret Stoll (DAL) for Holding (Minor) at 14:22, Torey Krug (BOS) for Holding (Minor) at 14:22, Jay Bouwmeester (BOS) for Interference (Minor) at 17:25

2nd period

2. Bruins , David Krejci 9 (Zach Parise, Niklas Kronwall) at 3:38
3. Bruins , Zach Parise 20 (David Krejci, Niklas Kronwall) at 5:01
4. Stars , Shea Weber 16 (Evander Kane, Travis Hamonic) at 12:44
5. Stars , Jason Spezza 11 (Brandon Dubinsky, Duncan Keith) at 18:00

Penalties :
Brenden Dillon (DAL) for Cross-checking (Minor) at 15:10, Shea Weber (DAL) for Roughing (Minor) at 18:22

3rd period

6. Stars , Zdeno Chara 14 (Shea Weber, Jarome Iginla) at 19:34 (Empty Net)

Penalties :
Jay Bouwmeester (BOS) for Hooking (Minor) at 2:20, Shea Weber (DAL) for Hooking (Minor) at 7:28

Goalie Stats

Tuukka Rask (BOS), 34 saves from 37 shots - (0.919), L, 19-9-3, 59:26 minutes
Semyon Varlamov (DAL), 17 saves from 19 shots - (0.895), W, 16-11-2, 60:00 minutes

Players Stats for Bruins

Player Name              G  A  P  +/- PIM S  H  SB GA TA FO     MP     PP MP  PK MP  
------------------------------------------------------------------------------------
Andrew Ladd              0  0  0   0  0   0  1  0  0  0  0/0    19:24   2:33   3:18 
Brad Marchand            0  0  0  -1  0   0  0  0  0  0  0/0    11:44   0:00   0:00 
Brock Nelson             0  0  0  -2  0   0  1  0  0  0  1/3     7:13   0:56   1:56 
Carl Hagelin             0  0  0  -2  2   2  1  0  0  0  0/0     9:36   0:00   5:16 
Carl Soderberg           0  0  0   0  0   1  0  0  0  0  7/12   16:31   2:51   2:59 
David Krejci             1  1  2   1  0   2  2  0  0  0  12/22  16:54   3:06   0:00 
Dougie Hamilton          0  0  0  -1  2   1  1  0  0  0  0/0    21:36   0:00   4:06 
Jakub Voracek            0  0  0   1  0   1  0  0  0  0  1/4    16:54   3:06   0:00 
Jay Bouwmeester          0  0  0   0  4   0  1  3  0  0  0/0    18:00   2:51   2:35 
John Carlson             0  0  0  -1  0   2  0  2  0  0  0/0    22:28   3:06   5:09 
Johnny Boychuk           0  0  0   0  0   0  2  2  0  0  0/0    21:14   2:51   4:43 
Niklas Kronwall          0  2  2  -2  0   3  0  4  0  0  0/0    21:26   0:00   3:04 
Patrice Bergeron         0  0  0   0  0   2  0  1  0  0  19/32  21:49   1:55   6:21 
Reilly Smith             0  0  0  -1  0   1  0  0  0  0  0/0    14:01   0:00   0:00 
Ryan Spooner             0  0  0  -2  0   0  0  0  0  0  4/9     4:21   0:00   0:00 
Ryan Strome              0  0  0   0  0   1  0  0  0  0  0/0    11:14   0:33   0:00 
Torey Krug               0  0  0   0  2   0  0  0  0  0  0/0    15:12   3:06   0:13 
Zach Parise              1  1  2   0  2   3  1  0  0  0  1/2    18:23   2:51   0:00 

Players Stats for Stars

Player Name              G  A  P  +/- PIM S  H  SB GA TA FO     MP     PP MP  PK MP  
------------------------------------------------------------------------------------
Andy Greene              0  0  0  -2  0   0  0  1  0  0  0/0    19:09   4:32   3:32 
Antoine Roussel          0  0  0   1  0   2  0  0  0  0  0/1     4:00   0:00   1:31 
Brandon Dubinsky         0  1  1   2  0   2  2  0  0  0  6/17   24:20   4:51   3:41 
Brenden Dillon           0  0  0  -2  2   0  2  0  0  0  0/0    11:39   0:00   1:02 
Dalton Prout             0  0  0   0  0   1  1  0  0  0  0/0     5:37   0:00   0:43 
Duncan Keith             0  1  1   1  0   2  0  0  0  0  0/0    21:42   5:23   1:42 
Evander Kane             0  1  1   1  0   1  0  0  0  0  1/1    15:20   0:00   3:11 
Jarome Iginla            0  2  2   2  0   4  0  0  0  0  0/0    23:11   4:51   1:00 
Jarret Stoll             0  0  0   0  2   2  1  0  0  0  6/13   12:13   0:00   1:00 
Jason Spezza             1  1  2   1  0   4  1  0  0  0  19/33  21:56   5:04   0:00 
John Erskine             0  0  0   0  0   0  0  2  0  0  0/0     4:54   0:00   0:00 
Mark Scheifele           0  0  0  -1  0   1  0  0  0  0  0/0     9:54   0:00   1:09 
Milan Lucic              0  0  0   0  0   4  1  0  0  0  1/1    20:20   4:51   0:22 
Shea Weber               2  1  3   3  4   5  2  0  0  0  0/0    19:40   4:32   1:11 
Travis Hamonic           0  1  1   2  0   0  1  1  0  0  0/0    15:06   0:00   2:02 
Tyler Seguin             0  0  0   0  0   6  1  0  0  0  6/16   20:38   5:04   0:00 
Wayne Simmonds           0  0  0   0  0   1  4  0  0  0  0/2    20:11   5:04   0:00 
Zdeno Chara              1  0  1   2  0   3  2  2  0  0  0/0    22:10   5:23   1:42 

3 Stars

1 - Shea Weber (DAL)
2 - David Krejci (BOS)
3 - Jason Spezza (DAL)

Power Play

Bruins - 0 on 3 Attempt(s) - 0.00%
Stars - 0 on 5 Attempt(s) - 0.00%

Penalty Kill

Bruins - 5 on 5 Attempt(s) - 100.00% - Score 0 goal in Penalty Kill
Stars - 3 on 3 Attempt(s) - 100.00% - Score 0 goal in Penalty Kill

Team Stat

Bruins - Hits : 10 - Faceoff Wins : 45 - Blocked Shots : 12 - Penalty Minutes : 12
Stars - Hits : 18 - Faceoff Wins : 39 - Blocked Shots : 6 - Penalty Minutes : 8

Official

Referees : Dave Lewis and Graham Skiliter
Linesman : John Grandt and Mark Shewchyk

Game Notes

Zdeno Chara has scored in a empty net!

Finance

Level 1 -- Attendance: 6000 (100.00%) -- Ticket Income $612,000
Level 2 -- Attendance: 4439 (88.78%) -- Ticket Income $332,925
Level 3 -- Attendance: 2000 (100.00%) -- Ticket Income $110,000
Level 4 -- Attendance: 2051 (45.26%) -- Ticket Income $92,295
Luxury Box -- Attendance: 900 (90.00%) -- Ticket Income $180,000
Game was played at the American Airlines Center'
Total Attendance: 15390 (83.05%)
Total Ticket Income: $1,327,220
Other Income: $199,083
Total Income: $1,526,303

% Time on Ice - Bruins

Lines # - Real PCT - Wanted PCT - Time Play
Normal Forward
1 - 33% - 40% - 13:48
2 - 33% - 30% - 13:33
3 - 24% - 20% - 9:59
4 - 10% - 10% - 4:21
Normal Defense
1 - 40% - 40% - 16:49
2 - 30% - 30% - 12:28
3 - 29% - 20% - 11:54
4 - 1% - 10% - 0:30
PP Forward
1 - 52% - 60% - 3:06
2 - 48% - 40% - 2:51
PP Defense
1 - 52% - 60% - 3:06
2 - 48% - 40% - 2:51
PK Forward
1 - 70% - 60% - 6:56
2 - 30% - 40% - 2:59
PK Defense
1 - 51% - 60% - 5:02
2 - 49% - 40% - 4:53
PK3 Forward
1 - 0% - 60%
2 - 0% - 40%
PK3 Defense
1 - 0% - 60%
2 - 0% - 40%
44 Forward
1 - 65% - 60% - 1:17
2 - 35% - 40% - 0:42
44 Defense
1 - 35% - 60% - 0:42
2 - 65% - 40% - 1:17
Last Minute Offensive  - 0:28
Last Minute Defensive  - 0:00
Total
Forward - 60:00
Defense - 60:00

% Time on Ice - Stars

Lines # - Real PCT - Wanted PCT - Time Play
Normal Forward
1 - 37% - 34% - 15:20
2 - 36% - 34% - 15:07
3 - 21% - 22% - 8:45
4 - 6% - 10% - 2:29
Normal Defense
1 - 31% - 32% - 13:04
2 - 31% - 31% - 13:05
3 - 26% - 25% - 10:38
4 - 12% - 12% - 4:54
PP Forward
1 - 51% - 65% - 5:04
2 - 49% - 35% - 4:51
PP Defense
1 - 54% - 60% - 5:23
2 - 46% - 40% - 4:32
PK Forward
1 - 83% - 60% - 4:57
2 - 17% - 40% - 1:00
PK Defense
1 - 71% - 60% - 4:15
2 - 29% - 40% - 1:42
PK3 Forward
1 - 0% - 60%
2 - 0% - 40%
PK3 Defense
1 - 0% - 60%
2 - 0% - 40%
44 Forward
1 - 77% - 60% - 1:32
2 - 23% - 40% - 0:27
44 Defense
1 - 77% - 60% - 1:32
2 - 23% - 40% - 0:27
Last Minute Offensive  - 0:00
Last Minute Defensive  - 0:28
Total
Forward - 60:00
Defense - 60:00

Play by Play

1st period


0:01 of 1st period - Jason Spezza wins face-off versus Jakub Voracek in neutral zone.
0:10 of 1st period - Shot by Jarome Iginla.
0:10 of 1st period - Stopped by Tuukka Rask with a rebound.
0:12 of 1st period - Shot by Shea Weber.
0:12 of 1st period - Goal by Shea Weber - Bruins : 0 - Stars : 1.
0:13 of 1st period - Patrice Bergeron wins face-off versus Tyler Seguin in neutral zone.
0:42 of 1st period - Shot by Johnny Boychuk.
0:42 of 1st period - Shot Misses the Net.
0:44 of 1st period - Shot by Johnny Boychuk.
0:44 of 1st period - Shot Misses the Net.
0:46 of 1st period - Shot by Johnny Boychuk.
0:46 of 1st period - Shot Blocked by Zdeno Chara.
0:48 of 1st period - Shot by Patrice Bergeron.
0:48 of 1st period - Stopped by Semyon Varlamov without a rebound.
0:49 of 1st period - Jarret Stoll wins face-off versus Carl Soderberg in Stars zone.
2:03 of 1st period - Shot by Jarome Iginla.
2:03 of 1st period - Shot Misses the Net.
2:16 of 1st period - Icing by Niklas Kronwall.
2:17 of 1st period - Tyler Seguin wins face-off versus David Krejci in Bruins zone.
2:28 of 1st period - Dalton Prout is hit by David Krejci and loses puck.
2:53 of 1st period - Off-side.
2:54 of 1st period - Patrice Bergeron wins face-off versus Jason Spezza in neutral zone.
3:09 of 1st period - Shot by Andrew Ladd.
3:09 of 1st period - Shot Misses the Net.
3:11 of 1st period - Shot by Reilly Smith.
3:11 of 1st period - Stopped by Semyon Varlamov without a rebound.
3:12 of 1st period - Ryan Spooner wins face-off versus Antoine Roussel in Stars zone.
3:12 of 1st period - Ryan Spooner is hit by Zdeno Chara.
3:19 of 1st period - Minor Penalty to Carl Hagelin for Holding.
3:20 of 1st period - Patrice Bergeron wins face-off versus Jason Spezza in Bruins zone.
3:20 of 1st period - Patrice Bergeron is hit by Wayne Simmonds.
3:29 of 1st period - Icing by Tyler Seguin.
3:30 of 1st period - Jason Spezza wins face-off versus Patrice Bergeron in Stars zone.
3:43 of 1st period - Dougie Hamilton is hit by Wayne Simmonds and loses puck.
3:59 of 1st period - Shot by Jason Spezza.
3:59 of 1st period - Stopped by Tuukka Rask without a rebound.
4:00 of 1st period - Patrice Bergeron wins face-off versus Brandon Dubinsky in Bruins zone.
4:09 of 1st period - Shot by Shea Weber.
4:09 of 1st period - Shot Blocked by Jay Bouwmeester.
4:17 of 1st period - Shot by Shea Weber.
4:17 of 1st period - Shot Blocked by John Carlson.
4:19 of 1st period - Shot by Shea Weber.
4:19 of 1st period - Shot Misses the Net.
4:21 of 1st period - Shot by Milan Lucic.
4:21 of 1st period - Stopped by Tuukka Rask without a rebound.
4:22 of 1st period - Jason Spezza wins face-off versus Carl Soderberg in Bruins zone.
4:27 of 1st period - Shot by Jason Spezza.
4:27 of 1st period - Stopped by Tuukka Rask without a rebound.
4:28 of 1st period - Patrice Bergeron wins face-off versus Jason Spezza in Bruins zone.
4:47 of 1st period - John Carlson is hit by Tyler Seguin and loses puck.
4:52 of 1st period - Shot by Zdeno Chara.
4:52 of 1st period - Shot Blocked by Patrice Bergeron.
5:08 of 1st period - Shot by Zdeno Chara.
5:08 of 1st period - Stopped by Tuukka Rask without a rebound.
5:09 of 1st period - Carl Soderberg wins face-off versus Brandon Dubinsky in Bruins zone.
5:14 of 1st period - Dougie Hamilton is hit by Milan Lucic and loses puck.
5:21 of 1st period - Shot by Antoine Roussel.
5:21 of 1st period - Stopped by Tuukka Rask without a rebound.
5:22 of 1st period - David Krejci wins face-off versus Jarret Stoll in Bruins zone.
5:31 of 1st period - Shot by Zach Parise.
5:31 of 1st period - Shot Misses the Net.
5:45 of 1st period - Shot by Jarret Stoll.
5:45 of 1st period - Shot Misses the Net.
5:47 of 1st period - Shot by Jarret Stoll.
5:47 of 1st period - Stopped by Tuukka Rask without a rebound.
5:48 of 1st period - Patrice Bergeron wins face-off versus Jason Spezza in Bruins zone.
6:03 of 1st period - Shot by Jason Spezza.
6:03 of 1st period - Shot Misses the Net.
7:05 of 1st period - Shot by Travis Hamonic.
7:05 of 1st period - Shot Misses the Net.
7:09 of 1st period - Shot by Tyler Seguin.
7:09 of 1st period - Shot Misses the Net.
7:37 of 1st period - Shot by Evander Kane.
7:37 of 1st period - Deflect By Jarret Stoll.
7:37 of 1st period - Stopped by Tuukka Rask without a rebound.
7:38 of 1st period - Jarret Stoll wins face-off versus David Krejci in Bruins zone.
7:38 of 1st period - Andy Greene is hit by Dougie Hamilton and loses puck.
7:42 of 1st period - Minor Penalty to Dougie Hamilton for Hooking.
7:43 of 1st period - Brandon Dubinsky wins face-off versus Brock Nelson in Bruins zone.
7:56 of 1st period - Shot by Jarome Iginla.
7:56 of 1st period - Stopped by Tuukka Rask without a rebound.
7:57 of 1st period - Carl Soderberg wins face-off versus Jason Spezza in Bruins zone.
7:57 of 1st period - Carl Soderberg is hit by Jason Spezza.
8:13 of 1st period - Carl Hagelin is hit by Wayne Simmonds and loses puck.
8:34 of 1st period - Shot by Zdeno Chara.
8:34 of 1st period - Shot Blocked by Johnny Boychuk.
8:36 of 1st period - Shot by Tyler Seguin.
8:36 of 1st period - Shot Misses the Net.
8:38 of 1st period - Shot by Zdeno Chara.
8:38 of 1st period - Shot Blocked by Niklas Kronwall.
8:52 of 1st period - Shot by Shea Weber.
8:52 of 1st period - Shot Blocked by Niklas Kronwall.
9:14 of 1st period - Shot by Milan Lucic.
9:14 of 1st period - Shot Misses the Net.
9:28 of 1st period - Shot by Brandon Dubinsky.
9:28 of 1st period - Stopped by Tuukka Rask without a rebound.
9:29 of 1st period - Jason Spezza wins face-off versus Brock Nelson in Bruins zone.
9:32 of 1st period - Shot by Duncan Keith.
9:32 of 1st period - Stopped by Tuukka Rask without a rebound.
9:33 of 1st period - Jason Spezza wins face-off versus Patrice Bergeron in Bruins zone.
9:44 of 1st period - Shot by Tyler Seguin.
9:44 of 1st period - Shot Misses the Net.
9:46 of 1st period - Shot by Dalton Prout.
9:46 of 1st period - Stopped by Tuukka Rask with a rebound.
9:57 of 1st period - Icing by Niklas Kronwall.
9:58 of 1st period - Jason Spezza wins face-off versus Jakub Voracek in Bruins zone.
10:29 of 1st period - Shot by Jakub Voracek.
10:29 of 1st period - Shot Misses the Net.
10:31 of 1st period - Shot by Niklas Kronwall.
10:31 of 1st period - Stopped by Semyon Varlamov with a rebound.
10:33 of 1st period - Shot by Niklas Kronwall.
10:33 of 1st period - Stopped by Semyon Varlamov without a rebound.
10:34 of 1st period - Carl Soderberg wins face-off versus Tyler Seguin in Stars zone.
10:34 of 1st period - John Carlson is hit by Brenden Dillon.
11:48 of 1st period - Shot by Evander Kane.
11:48 of 1st period - Stopped by Tuukka Rask without a rebound.
11:49 of 1st period - Jason Spezza wins face-off versus David Krejci in Bruins zone.
12:15 of 1st period - Minor Penalty to Zach Parise for Holding.
12:16 of 1st period - Patrice Bergeron wins face-off versus Tyler Seguin in Bruins zone.
12:33 of 1st period - Shot by Tyler Seguin.
12:33 of 1st period - Stopped by Tuukka Rask with a rebound.
12:35 of 1st period - Shot by Wayne Simmonds.
12:35 of 1st period - Deflect By Jason Spezza.
12:35 of 1st period - Shot Blocked by Jay Bouwmeester.
12:37 of 1st period - Shot by Andy Greene.
12:37 of 1st period - Shot Blocked by Jay Bouwmeester.
12:39 of 1st period - Shot by Tyler Seguin.
12:39 of 1st period - Stopped by Tuukka Rask without a rebound.
12:40 of 1st period - Patrice Bergeron wins face-off versus Brandon Dubinsky in Bruins zone.
12:48 of 1st period - Off-side.
12:49 of 1st period - Patrice Bergeron wins face-off versus Brandon Dubinsky in neutral zone.
14:11 of 1st period - Shot by Tyler Seguin.
14:11 of 1st period - Stopped by Tuukka Rask without a rebound.
14:12 of 1st period - Jason Spezza wins face-off versus Carl Soderberg in Bruins zone.
14:22 of 1st period - Minor Penalty to Jarret Stoll for Holding.
14:22 of 1st period - Minor Penalty to Torey Krug for Holding.
14:23 of 1st period - Jason Spezza wins face-off versus Zach Parise in Bruins zone.
16:04 of 1st period - Shot by Tyler Seguin.
16:04 of 1st period - Shot Blocked by John Carlson.
16:36 of 1st period - Shot by Milan Lucic.
16:36 of 1st period - Stopped by Tuukka Rask without a rebound.
16:37 of 1st period - Jarret Stoll wins face-off versus Patrice Bergeron in Bruins zone.
16:57 of 1st period - Icing by Shea Weber.
16:58 of 1st period - Ryan Spooner wins face-off versus Jarret Stoll in Stars zone.
17:25 of 1st period - Minor Penalty to Jay Bouwmeester for Interference.
17:26 of 1st period - Patrice Bergeron wins face-off versus Jason Spezza in Bruins zone.
17:26 of 1st period - Patrice Bergeron is hit by Wayne Simmonds.
17:41 of 1st period - Shot by Zdeno Chara.
17:41 of 1st period - Shot Misses the Net.
18:25 of 1st period - Shot by Shea Weber.
18:25 of 1st period - Stopped by Tuukka Rask without a rebound.
18:26 of 1st period - Carl Soderberg wins face-off versus Brandon Dubinsky in Bruins zone.
19:55 of 1st period - Shot by Mark Scheifele.
19:55 of 1st period - Stopped by Tuukka Rask without a rebound.
19:56 of 1st period - Patrice Bergeron wins face-off versus Tyler Seguin in Bruins zone.
Goals for this period are 0 for Bruins vs 1 for Stars.
Shots for this period are 4 for Bruins vs 20 for Stars.

2nd period


0:01 of 2nd period - David Krejci wins face-off versus Jason Spezza in neutral zone.
0:04 of 2nd period - Shot by Zach Parise.
0:04 of 2nd period - Shot Blocked by Zdeno Chara.
0:11 of 2nd period - Icing by Duncan Keith.
0:12 of 2nd period - Patrice Bergeron wins face-off versus Jason Spezza in Stars zone.
0:26 of 2nd period - Duncan Keith is hit by Johnny Boychuk and loses puck.
0:45 of 2nd period - Johnny Boychuk is hit by Brandon Dubinsky and loses puck.
1:27 of 2nd period - Zdeno Chara is hit by David Krejci and loses puck.
1:36 of 2nd period - Shot by David Krejci.
1:36 of 2nd period - Shot Misses the Net.
2:23 of 2nd period - Shot by Wayne Simmonds.
2:23 of 2nd period - Shot Hit the Post.
2:25 of 2nd period - Shot by Shea Weber.
2:25 of 2nd period - Stopped by Tuukka Rask with a rebound.
2:27 of 2nd period - Shot by Travis Hamonic.
2:27 of 2nd period - Shot Misses the Net.
2:29 of 2nd period - Shot by Tyler Seguin.
2:29 of 2nd period - Stopped by Tuukka Rask without a rebound.
2:30 of 2nd period - Evander Kane wins face-off versus Ryan Spooner in Bruins zone.
2:52 of 2nd period - Carl Hagelin is hit by Brenden Dillon.
3:01 of 2nd period - Shot by Carl Hagelin.
3:01 of 2nd period - Stopped by Semyon Varlamov without a rebound.
3:02 of 2nd period - Tyler Seguin wins face-off versus Patrice Bergeron in Stars zone.
3:11 of 2nd period - Shot by Reilly Smith.
3:11 of 2nd period - Shot Blocked by Travis Hamonic.
3:25 of 2nd period - Shot by Wayne Simmonds.
3:25 of 2nd period - Deflect By Tyler Seguin.
3:25 of 2nd period - Stopped by Tuukka Rask without a rebound.
3:26 of 2nd period - David Krejci wins face-off versus Jarret Stoll in Bruins zone.
3:38 of 2nd period - Shot by David Krejci.
3:38 of 2nd period - Goal by David Krejci - Bruins : 1 - Stars : 1.
3:39 of 2nd period - Patrice Bergeron wins face-off versus Tyler Seguin in neutral zone.
3:50 of 2nd period - Shot by Travis Hamonic.
3:50 of 2nd period - Shot Misses the Net.
4:27 of 2nd period - Shot by Milan Lucic.
4:27 of 2nd period - Shot Blocked by Johnny Boychuk.
5:01 of 2nd period - Shot by Zach Parise.
5:01 of 2nd period - Goal by Zach Parise - Bruins : 2 - Stars : 1.
5:02 of 2nd period - Carl Soderberg wins face-off versus Jarret Stoll in neutral zone.
5:28 of 2nd period - Icing by Jay Bouwmeester.
5:29 of 2nd period - Carl Soderberg wins face-off versus Jason Spezza in Bruins zone.
5:52 of 2nd period - Shot by Jarome Iginla.
5:52 of 2nd period - Stopped by Tuukka Rask without a rebound.
5:53 of 2nd period - Tyler Seguin wins face-off versus David Krejci in Bruins zone.
6:02 of 2nd period - Shot by Tyler Seguin.
6:02 of 2nd period - Stopped by Tuukka Rask without a rebound.
6:03 of 2nd period - Jason Spezza wins face-off versus David Krejci in Bruins zone.
7:44 of 2nd period - Zdeno Chara is hit by Johnny Boychuk and loses puck.
8:38 of 2nd period - Shot by Carl Soderberg.
8:38 of 2nd period - Stopped by Semyon Varlamov without a rebound.
8:39 of 2nd period - Jarret Stoll wins face-off versus Ryan Spooner in Stars zone.
8:39 of 2nd period - Jarret Stoll is hit by Carl Hagelin.
9:12 of 2nd period - Off-side.
9:13 of 2nd period - David Krejci wins face-off versus Tyler Seguin in neutral zone.
9:15 of 2nd period - Off-side.
9:16 of 2nd period - David Krejci wins face-off versus Tyler Seguin in neutral zone.
9:23 of 2nd period - Shot by Jakub Voracek.
9:23 of 2nd period - Shot Misses the Net.
9:25 of 2nd period - Shot by Zach Parise.
9:25 of 2nd period - Stopped by Semyon Varlamov with a rebound.
9:27 of 2nd period - Shot by John Carlson.
9:27 of 2nd period - Shot Misses the Net.
9:29 of 2nd period - Shot by Zach Parise.
9:29 of 2nd period - Shot Misses the Net.
9:31 of 2nd period - Shot by Zach Parise.
9:31 of 2nd period - Stopped by Semyon Varlamov without a rebound.
9:32 of 2nd period - Jarret Stoll wins face-off versus Patrice Bergeron in Stars zone.
10:32 of 2nd period - Icing by Travis Hamonic.
10:33 of 2nd period - David Krejci wins face-off versus Tyler Seguin in Stars zone.
12:01 of 2nd period - Off-side.
12:02 of 2nd period - Patrice Bergeron wins face-off versus Jarret Stoll in neutral zone.
12:14 of 2nd period - Shot by Antoine Roussel.
12:14 of 2nd period - Stopped by Tuukka Rask without a rebound.
12:15 of 2nd period - Jason Spezza wins face-off versus Ryan Spooner in Bruins zone.
12:27 of 2nd period - Icing by Dougie Hamilton.
12:28 of 2nd period - Ryan Spooner wins face-off versus Jarret Stoll in Bruins zone.
12:44 of 2nd period - Shot by Shea Weber.
12:44 of 2nd period - Goal by Shea Weber - Bruins : 2 - Stars : 2.
12:45 of 2nd period - Tyler Seguin wins face-off versus David Krejci in neutral zone.
12:50 of 2nd period - Shot by Wayne Simmonds.
12:50 of 2nd period - Shot Misses the Net.
13:05 of 2nd period - Off-side.
13:06 of 2nd period - Jason Spezza wins face-off versus Patrice Bergeron in neutral zone.
14:10 of 2nd period - Shot by Zdeno Chara.
14:10 of 2nd period - Stopped by Tuukka Rask with a rebound.
14:12 of 2nd period - Shot by Duncan Keith.
14:12 of 2nd period - Shot Misses the Net.
14:20 of 2nd period - Shot by Tyler Seguin.
14:20 of 2nd period - Shot Misses the Net.
14:53 of 2nd period - Icing by Patrice Bergeron.
14:54 of 2nd period - Jarret Stoll wins face-off versus Patrice Bergeron in Bruins zone.
15:10 of 2nd period - Minor Penalty to Brenden Dillon for Cross-checking.
15:11 of 2nd period - Brandon Dubinsky wins face-off versus David Krejci in Stars zone.
15:43 of 2nd period - Shot by John Carlson.
15:43 of 2nd period - Stopped by Semyon Varlamov without a rebound.
15:44 of 2nd period - Brock Nelson wins face-off versus Brandon Dubinsky in Stars zone.
15:45 of 2nd period - Shot by Zach Parise.
15:45 of 2nd period - Shot Blocked by Andy Greene.
17:30 of 2nd period - Johnny Boychuk is hit by Dalton Prout and loses puck.
17:35 of 2nd period - Shot by Ryan Strome.
17:35 of 2nd period - Stopped by Semyon Varlamov without a rebound.
17:36 of 2nd period - Jason Spezza wins face-off versus Ryan Spooner in Stars zone.
17:43 of 2nd period - Dougie Hamilton is hit by Brandon Dubinsky and loses puck.
18:00 of 2nd period - Shot by Brandon Dubinsky.
18:00 of 2nd period - Deflect By Jason Spezza.
18:00 of 2nd period - Goal by Jason Spezza - Bruins : 2 - Stars : 3.
18:01 of 2nd period - Tyler Seguin wins face-off versus Jakub Voracek in neutral zone.
18:22 of 2nd period - Shot by David Krejci.
18:22 of 2nd period - Stopped by Semyon Varlamov without a rebound.
18:22 of 2nd period - Minor Penalty to Shea Weber for Roughing.
18:23 of 2nd period - David Krejci wins face-off versus Brandon Dubinsky in Stars zone.
Goals for this period are 2 for Bruins vs 2 for Stars.
Shots for this period are 9 for Bruins vs 9 for Stars.

3rd period


0:01 of 3rd period - Brandon Dubinsky wins face-off versus David Krejci in neutral zone.
0:41 of 3rd period - Shot by Carl Soderberg.
0:41 of 3rd period - Shot Blocked by John Erskine.
1:03 of 3rd period - Shot by Brad Marchand.
1:03 of 3rd period - Deflect By Carl Soderberg.
1:03 of 3rd period - Shot Misses the Net.
2:03 of 3rd period - Zach Parise is hit by Shea Weber and loses puck.
2:11 of 3rd period - Icing by Shea Weber.
2:12 of 3rd period - Jason Spezza wins face-off versus Patrice Bergeron in Stars zone.
2:20 of 3rd period - Minor Penalty to Jay Bouwmeester for Hooking.
2:21 of 3rd period - Jason Spezza wins face-off versus Patrice Bergeron in Bruins zone.
2:26 of 3rd period - Shot by Tyler Seguin.
2:26 of 3rd period - Shot Misses the Net.
2:28 of 3rd period - Shot by Zdeno Chara.
2:28 of 3rd period - Shot Misses the Net.
2:30 of 3rd period - Shot by Zdeno Chara.
2:30 of 3rd period - Deflect By Tyler Seguin.
2:30 of 3rd period - Shot Misses the Net.
2:32 of 3rd period - Shot by Tyler Seguin.
2:32 of 3rd period - Shot Blocked by Niklas Kronwall.
2:44 of 3rd period - Shot by Duncan Keith.
2:44 of 3rd period - Stopped by Tuukka Rask without a rebound.
2:45 of 3rd period - Patrice Bergeron wins face-off versus Brandon Dubinsky in Bruins zone.
2:57 of 3rd period - Icing by Shea Weber.
2:58 of 3rd period - Brandon Dubinsky wins face-off versus Patrice Bergeron in Stars zone.
3:09 of 3rd period - Shot by Milan Lucic.
3:09 of 3rd period - Stopped by Tuukka Rask without a rebound.
3:10 of 3rd period - Patrice Bergeron wins face-off versus Jason Spezza in Bruins zone.
3:24 of 3rd period - Duncan Keith is hit by Andrew Ladd and loses puck.
3:35 of 3rd period - Shot by Jason Spezza.
3:35 of 3rd period - Stopped by Tuukka Rask without a rebound.
3:36 of 3rd period - Brandon Dubinsky wins face-off versus Patrice Bergeron in Bruins zone.
4:26 of 3rd period - Jarret Stoll is hit by Zach Parise and loses puck.
5:12 of 3rd period - David Krejci is hit by Jarret Stoll and loses puck.
6:04 of 3rd period - Brad Marchand is hit by Zdeno Chara and loses puck.
6:34 of 3rd period - Shot by Tyler Seguin.
6:34 of 3rd period - Shot Misses the Net.
6:36 of 3rd period - Shot by Wayne Simmonds.
6:36 of 3rd period - Shot Misses the Net.
6:38 of 3rd period - Shot by Brenden Dillon.
6:38 of 3rd period - Shot Misses the Net.
6:40 of 3rd period - Shot by Andy Greene.
6:40 of 3rd period - Shot Hit the Post.
7:28 of 3rd period - Minor Penalty to Shea Weber for Hooking.
7:29 of 3rd period - Jakub Voracek wins face-off versus Brandon Dubinsky in Stars zone.
8:25 of 3rd period - Shot by Patrice Bergeron.
8:25 of 3rd period - Stopped by Semyon Varlamov without a rebound.
8:26 of 3rd period - Brandon Dubinsky wins face-off versus Patrice Bergeron in Stars zone.
9:59 of 3rd period - Shot by Carl Hagelin.
9:59 of 3rd period - Stopped by Semyon Varlamov with a rebound.
10:01 of 3rd period - Shot by Niklas Kronwall.
10:01 of 3rd period - Stopped by Semyon Varlamov without a rebound.
10:02 of 3rd period - David Krejci wins face-off versus Jason Spezza in Stars zone.
10:03 of 3rd period - Shot by Zach Parise.
10:03 of 3rd period - Deflect By Jakub Voracek.
10:03 of 3rd period - Shot Misses the Net.
10:05 of 3rd period - Shot by Jakub Voracek.
10:05 of 3rd period - Stopped by Semyon Varlamov without a rebound.
10:06 of 3rd period - David Krejci wins face-off versus Jarret Stoll in Stars zone.
10:19 of 3rd period - Shot by Dougie Hamilton.
10:19 of 3rd period - Stopped by Semyon Varlamov without a rebound.
10:20 of 3rd period - Jason Spezza wins face-off versus Ryan Spooner in Stars zone.
10:20 of 3rd period - Brandon Dubinsky is hit by Brock Nelson and loses puck.
10:28 of 3rd period - Icing by Jarome Iginla.
10:29 of 3rd period - Jason Spezza wins face-off versus Carl Soderberg in Stars zone.
10:43 of 3rd period - Icing by Brad Marchand.
10:44 of 3rd period - Carl Soderberg wins face-off versus Wayne Simmonds in Bruins zone.
11:12 of 3rd period - Shot by Wayne Simmonds.
11:12 of 3rd period - Stopped by Tuukka Rask without a rebound.
11:13 of 3rd period - David Krejci wins face-off versus Brandon Dubinsky in Bruins zone.
11:19 of 3rd period - Icing by Niklas Kronwall.
11:20 of 3rd period - Jason Spezza wins face-off versus David Krejci in Bruins zone.
11:32 of 3rd period - Icing by Andy Greene.
11:33 of 3rd period - Patrice Bergeron wins face-off versus Jason Spezza in Stars zone.
11:39 of 3rd period - Icing by Brenden Dillon.
11:40 of 3rd period - Jason Spezza wins face-off versus David Krejci in Stars zone.
12:16 of 3rd period - Shot by Jason Spezza.
12:16 of 3rd period - Deflect By Jarome Iginla.
12:16 of 3rd period - Stopped by Tuukka Rask with a rebound.
12:18 of 3rd period - Shot by Andy Greene.
12:18 of 3rd period - Shot Misses the Net.
12:20 of 3rd period - Shot by Jason Spezza.
12:20 of 3rd period - Deflect By Brandon Dubinsky.
12:20 of 3rd period - Shot Misses the Net.
12:41 of 3rd period - Icing by Johnny Boychuk.
12:42 of 3rd period - Tyler Seguin wins face-off versus Patrice Bergeron in Bruins zone.
12:43 of 3rd period - Shot by Milan Lucic.
12:43 of 3rd period - Stopped by Tuukka Rask without a rebound.
12:44 of 3rd period - Patrice Bergeron wins face-off versus Tyler Seguin in Bruins zone.
12:52 of 3rd period - Andrew Ladd is hit by Shea Weber.
13:41 of 3rd period - Off-side.
13:42 of 3rd period - David Krejci wins face-off versus Jason Spezza in neutral zone.
14:28 of 3rd period - Shot by Jakub Voracek.
14:28 of 3rd period - Shot Misses the Net.
15:19 of 3rd period - Icing by Torey Krug.
15:20 of 3rd period - Milan Lucic wins face-off versus Carl Soderberg in Bruins zone.
15:31 of 3rd period - Shot by Shea Weber.
15:31 of 3rd period - Stopped by Tuukka Rask without a rebound.
15:32 of 3rd period - Patrice Bergeron wins face-off versus Tyler Seguin in Bruins zone.
15:42 of 3rd period - Patrice Bergeron is hit by Travis Hamonic and loses puck.
15:45 of 3rd period - Shot by Andrew Ladd.
15:45 of 3rd period - Shot Misses the Net.
17:23 of 3rd period - Zdeno Chara is hit by Jay Bouwmeester and loses puck.
18:04 of 3rd period - Shot by Jarret Stoll.
18:04 of 3rd period - Shot Misses the Net.
19:00 of 3rd period - Bruins, Tuukka Rask is pulled from the net.
19:00 of 3rd period - Shot by Patrice Bergeron.
19:00 of 3rd period - Deflect By Andrew Ladd.
19:00 of 3rd period - Shot Blocked by John Erskine.
19:04 of 3rd period - Shot by Andrew Ladd.
19:04 of 3rd period - Deflect By Patrice Bergeron.
19:04 of 3rd period - Shot Misses the Net.
19:06 of 3rd period - Shot by John Carlson.
19:06 of 3rd period - Stopped by Semyon Varlamov without a rebound.
19:07 of 3rd period - Zach Parise wins face-off versus Brandon Dubinsky in Stars zone.
19:26 of 3rd period - Shot by Jarome Iginla.
19:26 of 3rd period - Shot Misses the Net.
19:28 of 3rd period - Shot by Shea Weber.
19:28 of 3rd period - Shot Misses the Net.
19:34 of 3rd period - Shot by Zdeno Chara.
19:34 of 3rd period - Goal by Zdeno Chara - Bruins : 2 - Stars : 4.
19:34 of 3rd period - Tuukka Rask from Bruins was sent back in the game.
19:35 of 3rd period - Ryan Spooner wins face-off versus Jason Spezza in neutral zone.
19:50 of 3rd period - Shot by Brandon Dubinsky.
19:50 of 3rd period - Shot Misses the Net.
19:52 of 3rd period - Shot by Jarome Iginla.
19:52 of 3rd period - Deflect By Brandon Dubinsky.
19:52 of 3rd period - Shot Blocked by Niklas Kronwall.
19:58 of 3rd period - Shot by Brandon Dubinsky.
19:58 of 3rd period - Stopped by Tuukka Rask without a rebound.
19:59 of 3rd period - David Krejci wins face-off versus Wayne Simmonds in Bruins zone.
Goals for this period are 0 for Bruins vs 1 for Stars.
Shots for this period are 6 for Bruins vs 9 for Stars.


Output by the SimonT Hockey Simulator (STHS) for Stephane Roy -- Original Page W3C XHTML 1.0 Valid
Hockey Simulator - Hockey Simulation - Hockey Manager